Map: Orbital Shipyard

Players

LilDicky - Winner!

  • Race: Terran Terran
  • League: Diamond

Dutchy

  • Race: Protoss Protoss
  • League: Platinum

VOD

http://www.twitch.tv/tumescentpie

Description

Time

  • Played on: Nov. 28, 2015, 3:26 a.m.
  • Length: 15:13
Show
View Real Time Build Order
Export as new Build Order

LilDicky Terran - Winner!

Build Orders: Banshee Rush 

Get SALT Encoding   

  12  0:01  SCV  
  13  0:13  SCV  
  14  0:22  Supply Depot  
  14  0:28  SCV  
  15  0:44  SCV, Refinery  
  16  0:50  Barracks  
  16  0:56  SCV  
  17  1:22  SCV  
  18  1:40  SCV  
  18  1:41  Marine  
  18  1:43  Supply Depot  
  20  1:53  Orbital Command  
  20  1:57  Factory  
  20  2:03  Refinery  
  20  2:04  Marine  
  21  2:19  SCV  
  22  2:25  Command Center  
  22  2:37  Bunker  
  22  2:40  SCV  
  22  2:42  Starport  
  22  2:43  Factory Tech Lab  
  23  2:46  Marine  
  24  2:52  SCV  
  25  3:04  Marine  
  26  3:21  SCV, Marine  
  26  3:23  Factory Tech Lab  
  26  3:24  Cloaking Field  
  26  3:25  Banshee  
  31  3:34  Supply Depot  
  31  3:36  SCV  
  32  3:47  Orbital Command  
  32  3:57  Engineering Bay  
  32  3:58  Marine  
  33  4:03  SCV  
  34  4:13  Siege Tank  
  34  4:16  SCV  
  38  4:20  SCV  
  39  4:25  Raven  
  41  4:32  Missile Turret  
  41  4:33  SCV  
  41  4:36  SCV  
  43  4:45  SCV, Siege Tank  
  39  5:11  Viking  
  41  5:15  SCV  
  41  5:16  SCV  
  43  5:38  Siege Tank  
  43  5:41  Banshee  
  43  5:42  SCV  
  47  5:57  Marine  
  47  5:59  SCV  
  47  6:03  Command Center  
  49  6:04  Refinery x2  
  49  6:06  SCV, Engineering Bay  
  49  6:11  SCV  
  51  6:17  Marine  
  51  6:18  SCV  
  53  6:22  Siege Tank  
  53  6:23  SCV  
  57  6:30  SCV  
  57  6:31  Banshee  
  61  6:39  Missile Turret  
  61  6:42  SCV  
  62  6:52  Supply Depot  
  62  6:54  SCV  
  62  6:55  SCV  
  49  7:23  Banshee  
  49  7:25  Orbital Command  
  52  7:37  Missile Turret  
  52  7:45  Marine  
  52  7:50  Cyclone  
  50  8:03  Marine  
  45  8:10  Banshee  
  45  8:12  SCV x2  
  41  8:13  Orbital Command  
  42  8:21  Marine  
  42  8:24  SCV x2  
  44  8:32  Terran Infantry Weapons Level 1  
  44  8:36  SCV  
  44  8:37  SCV, Siege Tank, Missile Turret  
  44  8:40  SCV  
  51  8:46  Terran Infantry Armor Level 1  
  51  8:48  SCV, Barracks Tech Lab  
  50  8:49  SCV  
  50  8:52  SCV  
  53  9:00  Supply Depot  
  53  9:01  SCV x2  
  55  9:05  Raven  
  55  9:06  SCV  
  58  9:12  Missile Turret, Marine  
  59  9:18  Siege Tank  
  59  9:19  SCV  
  59  9:20  SCV x2  
  62  9:31  SCV  
  62  9:32  SCV  
  62  9:35  Missile Turret  
  63  10:08  SCV x3  
  66  10:16  Banshee  
  66  10:30  SCV, Marine  
  66  10:34  Cyclone  
  71  10:35  SCV, Barracks  
  71  10:36  Barracks  
  71  10:37  Barracks  
  71  10:39  Refinery  
  71  10:40  Refinery  
  71  10:41  SCV  
  73  10:46  Command Center  
  73  10:48  Marine  
  74  11:00  SCV x3  
  74  11:04  Stimpack  
  80  11:06  Marine  
  78  11:12  SCV, Starport Reactor  
  78  11:13  SCV x2  
  78  11:17  Barracks  
  81  11:24  Marine  
  82  11:31  SCV  
  82  11:32  SCV x2  
  85  11:38  Barracks Tech Lab  
  85  11:39  Barracks Tech Lab  
  85  11:42  Barracks Reactor  
  85  11:44  Supply Depot  
  85  11:45  Supply Depot  
  85  11:47  Armory  
  85  11:49  Supply Depot  
  85  11:51  Marine  
  86  11:54  SCV x3  
  86  11:57  Marine  
  86  11:58  Marine  
  86  12:01  Medivac x2  
  95  12:06  Marauder  
  97  12:08  Combat Shields, Marine  
  97  12:09  Concussive Shells  
  97  12:12  Supply Depot  
  97  12:13  Missile Turret  
  98  12:16  Siege Tank, Marauder x2  
  98  12:19  Orbital Command  
  105  12:23  Supply Depot  
  105  12:25  Supply Depot  
  105  12:27  Marine, Marauder  
  105  12:32  Marine  
  105  12:33  Marine  
  105  12:37  Marine x2  
  109  12:45  Marauder  
  109  12:48  Marauder  
  109  12:50  Marine x2  
  115  12:53  Supply Depot x2  
  115  12:54  Marine  
  115  12:55  Marine  
  117  13:18  Marine  
  118  13:24  Supply Depot  
  118  13:36  Orbital Command  
  118  13:42  Marine  
  118  13:43  Marauder, Marine x4  
  125  13:51  Viking x2  
  125  13:55  Starport  
  129  13:58  Supply Depot, Starport  
  129  14:00  Marine x2  
  129  14:01  Supply Depot, Marauder x3  
  137  14:05  SCV x4, Marauder  
  143  14:18  Marine x2  
  137  14:32  Marine x2  
  137  14:34  Marine  
Show
View Real Time Build Order
Export as new Build Order

Dutchy Protoss 

Build Orders: Oracle Opening 

Get SALT Encoding   

  12  0:01  Probe (Chrono Boost)  
  13  0:11  Probe (Chrono Boost)  
  14  0:19  Pylon  
  14  0:23  Probe (Chrono Boost)  
  15  0:37  Probe (Chrono Boost)  
  15  0:41  Gateway  
  16  0:48  Probe (Chrono Boost)  
  17  0:50  Assimilator  
  17  0:58  Probe (Chrono Boost)  
  18  1:09  Probe (Chrono Boost)  
  19  1:17  Assimilator  
  19  1:19  Probe (Chrono Boost)  
  20  1:31  Cybernetics Core  
  20  1:51  Probe (Chrono Boost)  
  20  1:53  Pylon  
  21  2:06  Forge  
  21  2:08  Stalker  
  23  2:12  Mothership Core (Chrono Boost), Warp Gate  
  25  2:51  Nexus  
  25  2:56  Stargate  
  25  2:57  Probe (Chrono Boost)  
  26  3:05  Stalker  
  28  3:08  Probe (Chrono Boost)  
  29  3:15  Pylon  
  29  3:19  Probe (Chrono Boost)  
  30  3:29  Photon Cannon  
  30  3:30  Probe (Chrono Boost)  
  31  3:39  Oracle (Chrono Boost)  
  34  3:46  Probe  
  35  3:58  Probe  
  36  4:03  Probe  
  36  4:05  Gateway  
  37  4:10  Probe  
  37  4:11  Oracle (Chrono Boost)  
  41  4:30  Probe, Robotics Facility  
  41  4:31  Probe  
  41  4:33  Pylon  
  43  4:41  Probe  
  43  4:44  Probe  
  45  4:51  Probe  
  45  4:56  Probe  
  43  5:02  Probe  
  41  5:08  Probe  
  41  5:12  Probe  
  43  5:20  Probe  
  44  5:38  Observer  
  44  5:42  Pylon  
  45  5:52  Probe, Assimilator  
  45  5:54  Probe, Assimilator  
  47  5:58  Pylon  
  47  6:03  Probe  
  47  6:06  Probe  
  49  6:15  Photon Cannon  
  49  6:16  Pylon  
  49  6:30  Robotics Bay  
  49  6:34  Observer  
  50  6:40  Probe  
  50  6:41  Probe  
  52  6:51  Probe  
  52  6:54  Probe  
  54  7:01  Probe  
  54  7:06  Probe  
  56  7:12  Probe  
  57  7:18  Probe  
  57  7:21  Stalker  
  57  7:22  Stalker, Probe  
  59  7:31  Colossus  
  40  8:08  Probe  
  40  8:10  Probe  
  40  8:14  Zealot x2  
  44  8:43  Zealot x2  
  44  8:47  Cybernetics Core  
  48  8:53  Probe  
  48  8:54  Probe  
  50  9:03  Probe  
  50  9:05  Gateway x2  
  50  9:06  Probe  
  50  9:09  Gateway  
  52  9:14  Probe  
  53  9:18  Probe  
  54  9:25  Probe  
  54  9:31  Probe  
  53  9:35  Probe  
  54  9:42  Stalker x2  
  50  10:03  Stalker  
  50  10:05  Stalker  
  54  10:10  Stalker x2  
  58  10:22  Stalker  
  58  10:28  Mothership Core  
  62  10:32  Colossus  
  62  10:40  Extended Thermal Lance (Chrono Boost)  
  68  10:45  Protoss Ground Weapons Level 1 (Chrono Boost)  
  68  10:46  Stalker x4  
  76  11:12  Twilight Council  
  76  11:15  Pylon  
  76  11:19  Pylon  
  76  11:21  Pylon  
  76  12:02  Colossus  
  76  12:05  Blink (Chrono Boost)  
  76  12:12  Stalker x2  
  76  12:13  Stalker  
  88  12:36  Probe x2  
  90  12:47  Sentry x3  
  90  12:48  Sentry x2, Probe x2  
  102  13:16  Pylon  
  102  13:18  Pylon  
  102  13:33  Pylon  
  94  13:56  Pylon  
  94  13:57  Pylon  
  94  13:59  Pylon  
  94  14:04  Sentry x2  
  98  14:22  Zealot x2  
  98  14:23  Zealot  
  99  14:29  Stalker  
  95  14:36  Photon Cannon  
  94  14:38  Photon Cannon  
  94  14:42  Photon Cannon  
Tags
 
Add a new tag
Caveats
  • Supply blocks, unpowered buildings, or Contaminate may cause inaccurate times.
  • Supply counts are checked every 10 seconds.